 Dungeon Crawl Stone Soup version 0.20.1-1-g8b1a95d (console) character file.

195 Kloppie the Skirmisher (level 5, 0/48 HPs)
             Began as a Ghoul Fighter on July 23, 2017.
             Killed from afar by Sigmund (5 damage)
             ... with a magic dart
             ... on level 2 of the Dungeon.
             The game lasted 00:01:59 (1110 turns).

Kloppie the Skirmisher (Ghoul Fighter)              Turns: 1110, Time: 00:02:00

Health: 0/48       AC:  6    Str: 20    XL:     5   Next: 74%
Magic:  4/4        EV:  9    Int:  3    God:
Gold:   52         SH:  0    Dex:  9    Spells: 4/4 levels left

rFire    . . .     SeeInvis .   a - +0 war axe
rCold    + . .     Gourm    .   (no shield)
rNeg     + + +     Faith    .   b - +0 scale mail
rPois    ∞         Spirit   .   (no helmet)
rElec    .         Reflect  .   (no cloak)
rCorr    .         Harm     .   (no gloves)
MR       .....                  (no boots)
Stlth    ..........             (no amulet)
Regen    0.0/turn               (no ring)
MPRegen  0.1/turn               (no ring)

@: rotting
A: rotting body, claws 1, carnivore 3, cold resistance 1, negative energy
resistance 3, inhibited regeneration, torment resistance, unbreathing
a: no special abilities


You were on level 2 of the Dungeon.
You were not hungry.

You visited 1 branch of the dungeon, and saw 4 of its levels.

You collected 52 gold pieces.

Inventory:

Hand Weapons
 a - a +0 war axe (weapon)
Armour
 b - a +0 scale mail (worn)
 c - a +0 shield
Jewellery
 k - a +3 ring of protection {unknown}
Scrolls
 g - a scroll of identify {unknown}
 h - a scroll of remove curse {unknown}
Potions
 e - 2 potions of invisibility {unknown}
 j - 2 potions of cancellation {unknown}
Comestibles
 f - a meat ration


   Skills:
 + Level 5.4 Fighting
 + Level 3.8 Axes
 - Level 2.6 Armour
 - Level 2.6 Shields


You had 4 spell levels left.
You didn't know any spells.

Dungeon Overview and Level Annotations

Branches:
Dungeon (4/15)
 Temple: D:4-7

Altars:
Gozag

Annotations:
D:2 Sigmund


Innate Abilities, Weirdness & Mutations

Your body is rotting away.
You thrive on raw meat.
You are immune to poison.
You have sharp fingernails.
You are carnivorous and can eat meat at any time.
Your flesh is cold resistant. (rC+)
You are immune to negative energy. (rN+++)
You do not regenerate when monsters are visible.
You are immune to unholy pain and torment.
You can survive without breathing.


Message History

Eat one of 2 chunks of flesh? (ye/n/q)
You eat one of the 2 chunks of flesh.
This raw flesh tastes great!
Eat a chunk of flesh? (ye/n/q)
You eat the chunk of flesh.
This raw flesh tastes great!
Something hits you.
* * * LOW HITPOINT WARNING * * *
You slash something! Something hits you.
* * * LOW HITPOINT WARNING * * *
You miss something. Something hits you.
* * * LOW HITPOINT WARNING * * *
Your scale mail prevents you from hitting something.
You hear some strange, mumbled words.
A puff of flame appears from out of thin air!
The puff of flame hits you!
* * * LOW HITPOINT WARNING * * *
You closely miss something. Something hits you.
* * * LOW HITPOINT WARNING * * *
Okay, then.
A magic dart appears from out of thin air!
The magic dart hits you!
You die...

#.!# #..#
#..### #.!#..
#..#.# #..#.#
#..#.#####..
###)@.........
#.....{#####
#......#######
#(....(......#.
#......>.......
#.....######.#.
#######


There were no monsters in sight!

Vanquished Creatures
  Duvessa (D:4)
  Dowan (D:4)
  2 leopard geckos (D:1)
  2 giant cockroaches (D:1)
  6 goblins
  3 hobgoblins (D:1)
  4 jackals (D:1)
  2 kobolds (D:1)
  7 bats
  A frilled lizard (D:1)
  4 rats
33 creatures vanquished.

Notes
Turn   | Place    | Note
-------+----------+-------------------------------------------
     0 | D:1      | Kloppie the Ghoul Fighter began the quest for the Orb.
     0 | D:1      | Reached XP level 1. HP: 19/19 MP: 0/0
    52 | D:1      | Reached XP level 2. HP: 23/26 MP: 1/1
   338 | D:1      | Reached skill level 4 in Fighting
   388 | D:1      | Reached XP level 3. HP: 32/33 MP: 2/2
   992 | D:2      | You fall through a shaft!
   994 | D:3      | Found an opulent altar of Gozag.
  1007 | D:4      | Noticed Duvessa
  1007 | D:4      | Noticed Dowan
  1013 | D:4      | Killed Duvessa
  1013 | D:4      | Reached skill level 5 in Fighting
  1013 | D:4      | Reached XP level 4. HP: 25/42 MP: 3/3
  1013 | D:4      | Reached XP level 5. HP: 29/48 MP: 4/4
  1015 | D:4      | Killed Dowan
  1087 | D:2      | Noticed Sigmund
  1110 | D:2      | Killed from afar by Sigmund

Skill      XL: |  1  2  3 |
---------------+----------+-----
Axes           | 2 3 |  3.8
Fighting       | 4 5 |  5.4
Armour         | |  2.6
Shields        | |  2.6

Action                   |  1- 3 |  4- 6 || total
-------------------------+-------+-------++-------
Melee: War axe           |   101 |    11 ||   112
  Use: Potion            |     1 |       ||     1
  Eat: Chunk             |     4 |     6 ||    10
Armor: Scale mail        |    79 |     4 ||    83
Dodge: Dodged            |    70 |     3 ||    73
